ii, chaotic male human Rogue -------------------------- |.....%..)......)).......-- | --------------........---------- --%..)..%.........| --a.....------- | --@.....-- --.%......| |.....[...| |.........| --........-- -.........| .......*..|....-- -........----%--- -.......... --- -.........--- ........--- -........- |....... - |...... ---.|.- ---- ii the Rogue Experience level: 6 Strength: 11 Dexterity: 18 Constitution: 15 Intelligence: 10 Wisdom: 11 Charisma: 12 Health: 0(56) Energy: 34(34) Def: 6 Gold: 672 Moves: 2728 Dungeon seed: iaBApoL-U3K6GT6G Game ID: ii_1529987790 Your Inventory: Coins $ - 672 gold pieces Weapons a - a +0 short sword (weapon in hand) b - 5 +0 daggers (in quiver) o - a blessed +1 orcish dagger p - 3 +0 orcish daggers C - 7 +0 daggers E - 7 poisoned +0 darts F - 2 blessed +0 daggers Armor e - an uncursed +1 leather armor (being worn) r - an uncursed +0 orcish helm (being worn) N - an uncursed +0 pair of iron shoes (being worn) Comestibles i - 2 uncursed food rations l - 4 uncursed slime molds Scrolls m - an uncursed scroll of create monster n - 2 uncursed scrolls of teleportation t - a cursed scroll of destroy armor v - a blessed scroll of identify x - 2 uncursed scrolls of identify Potions c - an uncursed potion of sickness Wands u - a wand of speed monster (0:4) Tools d - an uncursed lock pick f - an uncursed sack D - 8 uncursed tallow candles (0:200) Gems q - 2 uncursed worthless pieces of black glass y - an uncursed worthless piece of yellow glass z - an uncursed worthless piece of orange glass Y - an uncursed touchstone Contents of the sack: an uncursed potion of gain ability named 150 an uncursed potion of paralysis named 150 Spells and supernatural/magical abilities: Name Level Category Fail Memory W - pray for help -- divine ? -- Your skills at the end: Fighting Skills Weapon Skills dagger [Skilled] short sword [Basic] Spellcasting Skills Final Attributes: You were piously aligned. You were stealthy. You were fast. You are dead. Vanquished creatures: a gnome mummy a rock piercer 4 gnome lords a gnomish wizard a gray ooze an elf zombie a floating eye 5 dwarves a rabid rat an orc zombie a wererat a werejackal an iguana 2 hobbits 6 manes 2 giant rats a cave spider 2 brown molds a yellow mold a green mold 16 gnomes 8 garter snakes 5 jackals a fox a kobold 7 goblins 8 sewer rats 3 grid bugs 5 bats 3 lichens 2 kobold zombies 4 newts 98 creatures vanquished. Voluntary challenges: You used a wielded weapon 68 times, starting on turn 32. You read items or engraved 14 times, starting on turn 1186. You never genocided any monsters. You never polymorphed an object. You changed form 1 time, starting on turn 1354. You used no wishes. You never split a pudding. You wrote Elbereth's name 11 times, starting on turn 1186. You never violated your personal moral code. Dungeon overview: The Dungeons of Doom: levels 1 to 6 Level 1 a long staircase Level 2 Level 3 Level 4 a potion shop stairs to The Gnomish Mines Level 5 a fountain Level 6 The Gnomish Mines: levels 5 to 6 Level 5 stairs to The Dungeons of Doom Level 6 <- You were here History has recorded: On T:1 you entered the Dungeons of Doom to retrieve the Amulet of Yendor! On T:215 you reached level 2 of The Dungeons of Doom. On T:391 you reached level 3 of The Dungeons of Doom. On T:576 you advanced to experience level 2. On T:897 you advanced to experience level 3. On T:1144 you reached level 4 of The Dungeons of Doom. On T:1268 you advanced to experience level 4. On T:1405 you reached level 5 of The Dungeons of Doom. On T:1572 you reached level 1 of The Gnomish Mines. On T:1623 you advanced to experience level 5. On T:1843 you reached level 2 of The Gnomish Mines. On T:2187 you advanced to experience level 6. On T:2216 you reached level 6 of The Dungeons of Doom. Score breakdown: Gold: 672 ( 9619 points) Experience: 6 levels (12456 points) Exploration: 6 levels ( 12.00%) ( 9583 points) Discoveries: 5 items ( 1.68%) ( 3885 points) Valuables value: (no points given unless you survive) Artifact value: 0 ( 0 points) Variety of kills: 32 monsters ( 8.40%) ( 8694 points) Turncount: 2728 turns ( -459 points) Survival: died (score multiplied by 80%) Total score: 35022 Latest messages: There are a few objects here. The bat bites! You kill the bat! You see here a bat corpse. You kill the sewer rat! You see here a bat corpse. The dagger hits the soldier ant. Your movements are now unencumbered. The soldier ant misses. The soldier ant stings! The soldier ant bites! The soldier ant stings! You throw 2 daggers. The 1st dagger hits the soldier ant. The 2nd dagger hits the soldier ant. The soldier ant bites! The soldier ant stings! The dagger hits the soldier ant. The soldier ant bites! The soldier ant stings! The soldier ant's sting was poisoned! You die... Final status: Goodbye ii the Rogue, killed by a soldier ant... You died in The Gnomish Mines on dungeon level 6 with 35022 points, and 672 pieces of gold, after 2728 moves. You were level 6 with a maximum of 56 hit points when you died.